 Dungeon Crawl Stone Soup version 0.23.0 (webtiles) character file.

Game seed: 3280405271009040168

5660 Borgoz the Covert (level 11, -2/68 HPs)
             Began as a Kobold Assassin on Feb 17, 2019.
             Was a Believer of Dithmenos.
             Slain by a wight
             ... wielding a +5 hand axe of freezing
              (4 damage)
             ... on level 9 of the Dungeon.
             The game lasted 00:18:58 (10221 turns).

Borgoz the Covert (Kobold Assassin)                Turns: 10221, Time: 00:18:59

Health: -2/68      AC:  6    Str: 12    XL:     11   Next: 4%
Magic:  17/20      EV: 20    Int: 13    God:    Dithmenos [**....]
Gold:   564        SH:  0    Dex: 18    Spells: 10/10 levels left

rFire    . . .     SeeInvis .   a - +1 dagger (venom)
rCold    . . .     Gourm    .   (shield restricted)
rNeg     . . .     Faith    .   j - +0 leather armour
rPois    .         Spirit   .   (no helmet)
rElec    .         Reflect  .   d - +0 cloak
rCorr    .         Harm     .   (no gloves)
MR       .....                  v - +1 pair of boots
Stlth    ++++++....             (no amulet)
HPRegen  0.21/turn              y - ring of magical power
MPRegen  0.17/turn              t - +2 ring of strength

@: about to teleport, wreathed by umbra, drained
A: small, carnivore
a: Shadow Step, Renounce Religion


You were on level 9 of the Dungeon.
You worshipped Dithmenos.
Dithmenos was pleased with you.
You were completely stuffed.

You visited 2 branches of the dungeon, and saw 10 of its levels.

You collected 564 gold pieces.

Inventory:

Hand Weapons
 a - a +1 dagger of venom (weapon)
 b - a +0 blowgun
Missiles
 e - 57 poisoned needles
 f - 7 curare-tipped needles
Armour
 d - a +0 cloak (worn)
 j - a +0 leather armour (worn)
 v - a +1 pair of boots (worn)
Jewellery
 t - a +2 ring of strength (right hand)
 u - the ring of Desertification {-Tele rF+ rC+ Int+4 Stlth+}
   (You found it on level 5 of the Dungeon)

   [ring of protection from cold]

   It affects your intelligence (+4).
   It protects you from fire.
   It protects you from cold.
   It prevents most forms of teleportation.
   It makes you more stealthy.
 y - a ring of magical power (left hand)
Wands
 p - a wand of random effects (7)
 q - a wand of acid (11)
 x - a wand of iceblast (18)
 A - a wand of paralysis (8)
Scrolls
 c - 7 scrolls of remove curse
 h - a scroll of fog
 l - 3 scrolls of teleportation
 n - a scroll of identify
 s - a scroll of fear {unknown}
 w - a scroll of amnesia
Potions
 i - 2 potions of mutation
 k - 3 potions of curing
 m - 2 potions of haste
 o - 3 potions of brilliance
 r - 2 potions of cancellation
 z - a potion of might {unknown}
Comestibles
 g - 18 rations
 C - 15 chunks of flesh


   Skills:
 + Level 8.0(7.1) Fighting
 + Level 9.6(8.7) Short Blades
 + Level 8.0(7.2) Throwing
 + Level 8.5(7.6) Dodging
 + Level 11.2(10.3) Stealth


You had 10 spell levels left.
You didn't know any spells.
Your spell library contained the following spells:

 Spells                   Type           Power        Failure   Level  Hunger
 Beastly Appendage        Tmut           #.....       36%         1    ##.....
 Magic Dart               Conj           #...         36%         1    ##.....
 Blink                    Tloc           N/A          52%         2    ###....
 Call Imp                 Summ           #.......     52%         2    ###....
 Passwall                 Tmut/Erth      #.......     52%         2    ###....
 Poisonous Vapours        Pois/Air       #.....       52%         2    ###....
 Slow                     Hex            #.......     52%         2    ###....
 Conjure Flame            Conj/Fire      #.......     75%         3    ####...
 Mephitic Cloud           Conj/Pois/Air  #.......     75%         3    ####...
 Spider Form              Tmut/Pois      #.........   75%         3    ####...
 Blade Hands              Tmut           #.........   100%        5    ######.
 Dragon Form              Tmut           #.........   100%        7    #######


Dungeon Overview and Level Annotations

Branches:
Dungeon (9/15)             Temple (1/1) D:4            Lair (0/6) D:8
    Orc: D:9-12

Altars:
Ashenzari
Cheibriados
Dithmenos
Elyvilon
Fedhas
Gozag
Hepliaklqana
Kikubaaqudgha
Makhleb
Nemelex Xobeh
Okawaru
Qazlal
Ru
Sif Muna
Trog
Uskayaw
Vehumet
Wu Jian
Xom
Yredelemnul
Zin
The Shining One

Shops:
D:4 *


Innate Abilities, Weirdness & Mutations

You are small and have problems with some larger weapons.
You are carnivorous and can eat meat at any time.


Message History

You feel strangely unstable. The wight closely misses you.
The wight hits you from afar with a +0 spear.
* * * LOW HITPOINT WARNING * * *
You feel drained.
Unknown command.
You hit the wight but do no damage.
The wight is moderately damaged.
The wight completely misses you.
You hit the wight.
The wight is heavily damaged.
The wight closely misses you.
You hit the wight but do no damage.
The wight is heavily damaged.
You barely miss the wight.
The wight is heavily damaged.
The wight closely misses you.
The wight hits you with a +5 hand axe of freezing!
* * * LOW HITPOINT WARNING * * *
You feel drained.
You die...

########...##..
#######........
######.#####..
##..##.......#
##
##.%##########
# ###..# #..
#############..
#..
...#########
#>. #.. #@# #..
#.##..####z#
#..
#Y.......zy#
###
#..#.#zy#####.#
##.....y..?.
#.#.###.####
#.##.# .y ...
..# .# #.#.##.#
#


You could see 2 killer bees and 3 wights.

Vanquished Creatures
  A centaur zombie (D:7)
  A gargoyle (D:7)
  Sigmund (D:4)
  A spriggan (D:7)
  A porcupine (D:8)
  2 sky beasts
  4 orc warriors
  3 black bears
  3 ice beasts
  7 ogres
  5 phantoms
  3 centaurs
  6 bullfrogs
  2 scorpions
  13 killer bees
  An electric eel (D:6)
  A howler monkey (D:4)
  5 crimson imps
  A bullfrog zombie (D:8)
  2 gnoll shamans
  6 hounds
  4 orc priests
  Natasha (thrice) (D:4)
  2 iguanas
  2 orc wizards
  3 worker ants
  A hound skeleton (D:4)
  15 gnolls
  9 adders
  An adder zombie (D:8)
  A worm (D:3)
  7 leopard geckos
  21 orcs
  2 ball pythons
  2 bats (D:1)
  9 giant cockroaches
  6 goblins
  4 hobgoblins
  12 jackals
  5 quokkas
  A ball python skeleton (D:4)
  7 frilled lizards
  A jackal skeleton (D:5)
  8 kobolds
  2 quokka zombies (D:6)
  9 rats
206 creatures vanquished.

Vanquished Creatures (others)
  3 fungi (D:8)
3 creatures vanquished.

Grand Total: 209 creatures vanquished

Notes
Turn   | Place    | Note
-------+----------+-------------------------------------------
     0 | D:1      | Borgoz the Kobold Assassin began the quest for the Orb.
     0 | D:1      | Reached XP level 1. HP: 12/12 MP: 1/1
   442 | D:1      | Reached XP level 2. HP: 18/18 MP: 2/2
   935 | D:1      | Reached XP level 3. HP: 22/22 MP: 3/3
  1463 | D:2      | Reached XP level 4. HP: 27/27 MP: 4/4
  2025 | D:3      | Found a blossoming altar of Fedhas.
  2037 | D:3      | Found a hide-covered altar of Uskayaw.
  2074 | D:3      | Found an opulent altar of Gozag.
  2077 | D:3      | Found a bloodstained altar of Trog.
  2217 | D:3      | Noticed a phantom
  2272 | D:3      | Killed a phantom
  2272 | D:3      | Reached skill level 6 in Stealth
  2272 | D:3      | Reached XP level 5. HP: 16/32 MP: 5/5
  2561 | D:3      | Found a glowing golden altar of the Shining One.
  2972 | D:4      | Reached XP level 6. HP: 37/37 MP: 6/6
  3007 | D:4      | Noticed an ogre
  3011 | D:4      | Found a radiant altar of Vehumet.
  3050 | D:4      | Killed an ogre
  3091 | D:4      | Noticed Sigmund
  3094 | D:4      | Killed Sigmund
  3094 | D:4      | Reached skill level 7 in Stealth
  3094 | D:4      | Reached XP level 7. HP: 43/43 MP: 7/7
  3140 | D:4      | Reached skill level 5 in Short Blades
  3160 | D:4      | Noticed Natasha
  3167 | D:4      | Killed Natasha
  3244 | D:4      | Found a staircase to the Ecumenical Temple.
  3278 | Temple   | Entered the Ecumenical Temple
  3482 | D:4      | Noticed Natasha
  3491 | D:4      | Killed Natasha
  3736 | D:4      | Found a stormy altar of Qazlal.
  3788 | D:4      | Noticed Natasha
  3799 | D:4      | Killed Natasha
  3799 | D:4      | Reached XP level 8. HP: 35/48 MP: 8/8
  3874 | D:4      | Found Nezxar's Assorted Antiques.
  4038 | D:5      | Entered Level 5 of the Dungeon
  4217 | D:5      | Reached skill level 5 in Throwing
  4217 | D:5      | Reached skill level 5 in Dodging
  4217 | D:5      | Reached skill level 8 in Stealth
  4227 | D:5      | Got a clouded silver ring
  4228 | D:5      | Identified the ring of Desertification {-Tele rF+ rC+ Int+4
                  | Stlth+} (You found it on level 5 of the Dungeon)
  4270 | D:5      | Reached skill level 5 in Fighting
  5181 | D:6      | Found a shadowy altar of Dithmenos.
  5193 | D:6      | Became a worshipper of Dithmenos the Shadowed
  5210 | D:6      | Found a burning altar of Makhleb.
  5575 | D:6      | Reached XP level 9. HP: 54/54 MP: 9/9
  5619 | D:7      | Found an iron altar of Okawaru.
  5670 | D:7      | Reached skill level 9 in Stealth
  6252 | D:7      | Noticed a gargoyle
  6260 | D:7      | Killed a gargoyle
  6720 | D:7      | Reached XP level 10. HP: 37/61 MP: 10/10
  7043 | D:7      | Reached skill level 10 in Stealth
  7260 | D:8      | Reached * piety under Dithmenos
  8291 | D:8      | HP: 3/63 [something/magic dart (6)]
  8603 | D:8      | Identified the Handbook of Envenoming and Changing
  8820 | D:8      | Found a staircase to the Lair.
  9201 | D:8      | Found a white marble altar of Elyvilon.
  9271 | D:8      | Found a basalt altar of Yredelemnul.
  9384 | D:8      | Reached ** piety under Dithmenos
  9831 | D:9      | Reached skill level 11 in Stealth
 10144 | D:9      | Reached XP level 11. HP: 60/68 MP: 11/11
 10165 | D:9      | Noticed a tengu warrior
 10177 | D:9      | Noticed a brown ugly thing
 10221 | D:9      | HP: 2/68 [wight/+5 hand axe of freezing (12)]
 10221 | D:9      | Slain by a wight

Skill      XL: |  1  2  3  4  5  6  7  8  9 10 11 |
---------------+----------------------------------+-----
Short Blades   | 3 4 5 6 8 9 |  9.6
Dodging        | 2 3 4 5 7 8 |  8.5
Throwing       | 3 4 5 6 8 |  8.0
Fighting       | 3 4 5 6 7 8 |  8.0
Stealth        | 6 7 8 9 11 | 11.2

Action                   |  1- 3 |  4- 6 |  7- 9 | 10-12 || total
-------------------------+-------+-------+-------+-------++-------
Melee: Dagger            |   110 |   131 |   300 |   540 ||  1081
 Fire: Blowgun           |       |     9 |       |       ||     9
Evoke: Wand              |       |       |     2 |       ||     2
  Use: Scroll            |     4 |     3 |       |    12 ||    19
       Potion            |       |     2 |       |     5 ||     7
 Stab: Sleeping          |    17 |    11 |    25 |    10 ||    63
       Distracted        |       |     1 |     2 |       ||     3
       Paralysed         |       |       |     1 |       ||     1
  Eat: Chunk             |    10 |     3 |    11 |    14 ||    38
Armor: Robe              |    21 |     1 |       |       ||    22
       Leather armour    |       |     9 |    37 |    50 ||    96
Dodge: Dodged            |    74 |    67 |   168 |   538 ||   847
